AoeStats
← Kshulo

Black Forest

509483959Analyzed
4v4 RM · 6d ago on Sep 26, 2026· 46m 5s· 8 players
Game mode
Random Map
Map size
Large (8 player)
Population
200
Speed
Normal
Resources
Standard
Victory
Conquest
Starting age
Dark Age
Ending age
Imperial Age
RankedLock teamsTeams togetherTeam positionsShared explorationLock speedFull tech treeHidden civsTurbo modeCheats
Victory
Defeat
🇺🇾 Bohemians · Uruguay
1326
+10
🇨🇱 Tatars · Chile
1299
+11
🇨🇱 Lithuanians · Chile
1281
+12
🇨🇱 Mongols · Chile
1191
+17
🇨🇴 Portuguese · Colombia
1235
-14
🇨🇴 Khmer · Colombia
1200
-13
🇩🇪 Goths · Germany
1183
-12
🇲🇽 Hindustanis · Mexico
1163
-11
ELEG | JoyBoy
11:17 Feudal Age
15:41 Castle Age
14:30 Double-Bit Axe
16:35 Horse Collar
17:04 Gold Mining
17:38 Loom
19:05 Stone Mining
20:01 Fletching
22:19 Town Watch
26:39 Bow Saw
34:49 Imperial Age
40:26 Scale Mail Armor
40:36 Forging
41:25 Wheelbarrow
40:53 Town Patrol
41:06 Pikeman
42:04 Chain Mail Armor
42:25 Iron Casting
42:01 Halberdier
43:14 Plate Mail Armor
43:33 Heavy Plow
santiagogp2093
6:06 Loom
9:56 Feudal Age
14:52 Castle Age
13:21 Horse Collar
21:08 Wheelbarrow
20:39 Double-Bit Axe
22:18 Heavy Plow
23:50 Bloodlines
28:18 Imperial Age
28:17 Husbandry
29:10 Loom
30:25 Hand Cart
34:42 Siege Engineers
35:44 Double Crossbow
37:06 Heavy Scorpion
39:05 Light Cavalry
39:52 Elite Skirmisher
43:14 Chemistry
43:40 Fletching
43:50 Padded Archer Armor
44:44 Bodkin Arrow
45:05 Leather Archer Armor
cobanizer
6:04 Loom
12:35 Feudal Age
13:13 Double-Bit Axe
16:04 Castle Age
17:50 Wheelbarrow
17:36 Bow Saw
17:08 Horse Collar
25:54 Gold Mining
25:57 Stone Mining
27:08 Hand Cart
26:37 Pikeman
27:18 Squires
34:09 Imperial Age
32:32 Forging
32:22 Scale Mail Armor
33:38 Anarchy
34:53 Caravan
34:37 Halberdier
37:16 Two-Man Saw
36:33 Perfusion
39:05 Iron Casting
38:46 Chain Mail Armor
Art88P
0:56 Loom
11:33 Feudal Age
15:44 Castle Age
14:45 Double-Bit Axe
14:51 Horse Collar
17:45 Wheelbarrow
17:39 Bow Saw
20:53 Heavy Plow
23:18 Stone Mining
23:39 Gold Mining
27:56 Gold Shaft Mining
27:59 Stone Shaft Mining
31:18 Imperial Age
29:50 Fortified Wall
29:54 Forging
29:50 Scale Barding Armor
30:56 Scale Mail Armor
31:31 Iron Casting
31:22 Caravan
32:47 Conscription
32:52 Chain Mail Armor
33:37 Blast Furnace
34:38 Blast Furnace
33:29 Fletching
33:39 Padded Archer Armor
33:55 Squires
33:42 Elite Skirmisher
36:58 Chain Barding Armor
36:36 Bodkin Arrow
36:56 Leather Archer Armor
37:45 Chemistry
37:06 Ballistics
38:35 Town Watch
39:10 Bracer
39:41 Ring Archer Armor
39:32 Chain Barding Armor
40:59 Two-Man Saw
40:26 Light Cavalry
41:17 Bloodlines
41:08 Husbandry
42:06 Hussar
Kshulo
1:00 Loom
13:10 Feudal Age
16:46 Castle Age
15:44 Double-Bit Axe
20:46 Stone Mining
21:15 Bow Saw
33:03 Imperial Age
31:11 Wheelbarrow
30:27 Gold Mining
32:25 Fletching
32:35 Padded Archer Armor
34:04 Conscription
33:38 Crossbowman
34:15 Bodkin Arrow
36:43 Chemistry
36:33 Bracer
36:57 Heavy Cavalry Archer
PMA
11:15 Feudal Age
14:57 Castle Age
14:24 Double-Bit Axe
15:19 Loom
16:39 Horse Collar
19:20 Fervor
21:33 Heavy Plow
24:18 Wheelbarrow
24:12 Bow Saw
25:47 Hand Cart
29:22 Imperial Age
28:17 Chemistry
27:27 Scale Mail Armor
27:38 Forging
28:36 Chain Mail Armor
29:09 Ballistics
28:26 Pikeman
29:06 Squires
29:27 Houfnice
29:38 Halberdier
31:22 Iron Casting
32:29 Plate Mail Armor
33:58 Siege Engineers
35:46 Blast Furnace
35:13 Onager
38:23 Bombard Tower
FatX
5:01 Loom
10:17 Feudal Age
14:39 Castle Age
13:33 Double-Bit Axe
16:03 Bow Saw
17:11 Horse Collar
20:48 Bloodlines
21:53 Bloodlines
22:45 Husbandry
25:28 Scale Barding Armor
32:53 Imperial Age
30:30 Heavy Plow
32:30 Wheelbarrow
32:08 Forging
32:19 Chain Barding Armor
33:15 Cavalier
34:49 Ballistics
35:29 Chemistry
35:24 Paladin
36:16 Gold Mining
37:12 Conscription
36:52 Tower Shields
37:43 Iron Casting
39:20 Hand Cart
38:53 Town Watch
39:33 Chain Barding Armor
45:27 Caravan
Daiki
8:04 Loom
13:12 Feudal Age
14:22 Double-Bit Axe
14:20 Horse Collar
17:13 Castle Age
23:01 Wheelbarrow
22:35 Heavy Plow
26:04 Bow Saw
27:30 Thumb Ring
27:32 Fletching
28:28 Hand Cart
28:25 Husbandry
28:38 Bloodlines
30:45 Ballistics
30:25 Bodkin Arrow
31:13 Scale Barding Armor
34:24 Imperial Age
31:43 Town Watch
34:51 Chain Barding Armor
34:39 Town Patrol
35:18 Bracer
36:23 Chemistry
36:02 Conscription
37:54 Elite Mangudai
Connection lost

Rejoining the realm…

Still unreachable

The connection could not be restored.

Session expired

The server has moved on; the page needs a fresh start.